 Dungeon Crawl Stone Soup version 0.27-a0-906-g0a00ce863d (webtiles) character file.

Game seed: 3253928104115397823

95626 DwarfAlpaca the Sorcerer (level 16, -9/90 HPs)
             Began as a Djinni Air Elementalist on Apr 7, 2021.
             Was the Champion of Makhleb.
             Killed from afar by a war gargoyle (60 damage)
             ... with a spray of metal splinters
             ... on level 12 of the Dungeon.
             The game lasted 01:51:38 (28493 turns).

DwarfAlpaca the Sorcerer (Djinni Air Elementalist) Turns: 28493, Time: 01:51:39

Health: -9/90      AC: 12    Str: 13    XL:     16   Next: 14%
Gold:   802        EV: 12    Int: 29    God:    Makhleb [******] SH:  0 Dex: 15

rFire    + . .     SeeInvis +   s - staff of air
rCold    . . .     Faith    .   (no shield)
rNeg     . . .     Spirit   .   z - +1 steam dragon scales
rPois    ∞         Reflect  .   R - +0 helmet
rElec    +         Harm     .   u - +2 cloak
rCorr    .         Rampage  .   O - +1 pair of gloves
Will     ++...                  (boots unavailable)
Stlth    ++........             a - amulet "Qaing" {rPois Regen+ Str+6 Int+2}
HPRegen  1.25/turn              b - ring "Kast" {Drain rElec rF- Int+9 SInv}
MPRegen  0.00/turn              i - ring of Culeyc {rElec rC+ Will+ Int-5}

@: flying, hasted, very quick
A: fire resistance 2, cold vulnerability 1, float, innate caster, hp casting,
extra vitality 1
a: Renounce Religion, Minor Destruction, Lesser Servant of Makhleb, Major
Destruction, Greater Servant of Makhleb


You were on level 12 of the Dungeon.
You worshipped Makhleb.
Makhleb was exalted by your worship.
You visited 4 branches of the dungeon, and saw 22 of its levels.
You visited the Abyss 1 time.
You also visited: Ossuary, Gauntlet and Volcano.

You collected 1937 gold pieces.
You spent 1135 gold pieces at shops.

Inventory:

Hand Weapons
 Q - the +11 war axe of Destruction {chaos, Will+ Int+2}
   (You found it on level 1 of the Lair of Beasts)

   Each time it hits an enemy it has a different, random effect.
   It affects your intelligence (+2).
   It increases your willpower.
Armour
 h - the +1 robe "Zokiatri" {rElec rCorr Int-2}
   (You found it on level 1 of the Lair of Beasts)

   It affects your intelligence (-2).
   It insulates you from electricity.
   It protects you from acid and corrosion.
 u - a +2 cloak (worn)
 z - +1 steam dragon scales (worn)
 O - a +1 pair of gloves (worn)
 R - a +0 helmet (worn)
Magical Staves
 s - a staff of air (weapon)
Jewellery
 a - the amulet "Qaing" (around neck) {rPois Regen+ Str+6 Int+2}
   (You bought it in a shop on level 2 of the Orcish Mines)

   [amulet of regeneration]

   It affects your strength (+6).
   It affects your intelligence (+2).
   It protects you from poison.
   It increases your rate of health regeneration.
 b - the ring "Kast" (left hand) {Drain rElec rF- Int+9 SInv}
   (You bought it in a shop on level 2 of the Orcish Mines)

   [ring of see invisible]

   It affects your intelligence (+9).
   It makes you vulnerable to fire.
   It insulates you from electricity.
   It lets you see invisible.
   It drains your maximum health when unequipped.
 i - the ring of Culeyc (right hand) {rElec rC+ Will+ Int-5}
   (You acquired it on level 2 of the Orcish Mines)

   [ring of willpower]

   It affects your intelligence (-5).
   It protects you from cold.
   It insulates you from electricity.
   It increases your willpower.
Wands
 n - a wand of iceblast (25)
 x - a wand of mindburst (13)
 A - a wand of random effects (25)
 L - a wand of paralysis (14)
 M - a wand of acid (32)
 P - a wand of polymorph (34)
 S - a wand of flame (48)
 W - a wand of charming (10)
Scrolls
 e - 3 scrolls of blinking
 g - 2 scrolls of immolation
 l - 2 scrolls of fear
 y - a scroll of fog
 D - 8 scrolls of teleportation
 E - 2 scrolls of holy word
 F - a scroll of magic mapping
 G - 4 scrolls of enchant armour
 J - 8 scrolls of identify
 K - 4 scrolls of silence {unknown}
 T - 3 scrolls of enchant weapon
Potions
 c - 5 potions of lignification
 d - 4 potions of resistance
 f - a potion of haste
 j - a potion of heal wounds
 m - 3 potions of mutation
 r - 5 potions of curing
 t - a potion of cancellation
 v - 3 potions of brilliance
 N - 6 potions of might


   Skills:
 - Level 2.1 Dodging
 - Level 1.5 Stealth
 + Level 21.7 Spellcasting


You had 18 spell levels left.
You knew the following spells:

 Your Spells              Type           Power      Damage    Failure   Level
a - Shock                 Conj/Air       100%       1d9       0%          1
b - Swiftness             Air            100%       N/A       0%          2
c - Static Discharge      Conj/Air       100%       N/A       0%          3
d - Airstrike             Air            62%        N/A       0%          4
e - Lightning Bolt        Conj/Air       62%        1d86      0%          5
f - Apportation           Tloc           100%       N/A       0%          1
g - Blink                 Tloc           N/A        N/A       0%          2
h - Inner Flame           Hex/Fire       100%       N/A       0%          3
i - Mephitic Cloud        Conj/Pois/Air  100%       N/A       0%          3
j - Yara's Violent Unrav  Hex/Tmut       51%        3d20      0%          5
k - Borgnjor's Vile Clut  Necr/Erth      51%        N/A       0%          5
l - Starburst             Conj/Fire      51%        8x6d14    1%          6
Your spell library was empty.

Dungeon Overview and Level Annotations

Branches:
Dungeon (13/15)            Temple (1/1) D:5            Lair (6/6) D:11
  Swamp (0/4) Lair:4       Spider (0/4) Lair:2        Slime (0/5) Lair:5
    Orc (2/2) D:11            Elf (0/3) Orc:2       Ossuary (visited)
Volcano (visited)         Gauntlet (visited)
 Vaults: D:13-14

Altars:
Ashenzari
Cheibriados
Dithmenos
Elyvilon
Fedhas
Gozag
Hepliaklqana
Kikubaaqudgha
Makhleb
Nemelex Xobeh
Okawaru
Qazlal
Ru
Sif Muna
Trog
Uskayaw
Vehumet
Wu Jian
Xom
Yredelemnul
Zin
The Shining One
Beogh

Shops:
D:11 *   Orc:2 (==*[:=

Annotations:
D:5 Digging


Innate Abilities, Weirdness & Mutations

You are immune to poison.
Your flesh is very heat resistant. (rF++)
You are vulnerable to cold. (rC-)
You float through the air rather than walking.
You learn spells naturally, not from books.
Your magical power is your life essence.
You have superior vitality. (+4 HP)


Message History

You hear a horrible gurgling sound! x2
Unknown command.
Press: ? - help, v - describe, . - travel The floor.
The war gargoyle launches metal splinters at you.
The spray of metal splinters hits you!!
Press: ? - help, v - describe, . - travel
Here: a war gargoyle, wielding a +0 morningstar (lightly damaged, catching its breath)
The floor.
Press: ? - help, v - describe, . - travel
Here: a war gargoyle, wielding a +0 morningstar (lightly damaged, catching its breath)
The floor.
The war gargoyle hits you with a +0 morningstar!!
* * * LOW HITPOINT WARNING * * *
You feel much better.
The war gargoyle hits you with a +0 morningstar!!
* * * LOW HITPOINT WARNING * * *
Blink to where?
Press: ? - help, Dir - move target
As you read the scroll of blinking, it crumbles to dust.
Press: ? - help, v - describe, . - travel
Here: a war gargoyle, wielding a +0 morningstar (lightly damaged)
The floor.
Press: ? - help, v - describe, . - travel
Here: a war gargoyle, wielding a +0 morningstar The floor.
You feel much better.
You feel yourself speed up.
The war gargoyle launches metal splinters at you.
The spray of metal splinters hits you!!!
* * * LOW HITPOINT WARNING * * *
Okay, then.
Press: ? - help, v - describe, . - travel
Here: a war gargoyle, wielding a +0 morningstar (catching its breath)
The floor.
You feel much better.
The war gargoyle launches metal splinters at you.
The spray of metal splinters hits you!!!
Ouch! That really hurt!
You die...

..........# #......,,,*
*,*
...^..<...#####...#***,,*
*,* ..............>...#
*,,* *,*
.........^........#
*,,****,*
#######..######...#
*,,,,,,,* #..# #...#
*,,,,,,,* ******#..#
#...####..******
,,,,,,...# #.........*
,,,,,....* #.@.####..*
****###..######...# *,,*
*,,.........# *,,******
*,,.......9.# *,,,,,,,*
*,,######...# *,,,,,,,*
*,,* #...# *,.,,,,,* *,,*
#...####.#****** *,,*
#........# *,,*
#........#


You could see a war gargoyle (catching breath).

Vanquished Creatures
  Rupert (Lair:3)
  A lich (Abyss:2)
  2 fire giants (D:12)
  An orc warlord (Orc:2)
  A stone giant (Volcano)
  A vampire knight (D:12)
  A minotaur (Gauntlet)
  An ettin (D:12)
  A fire dragon (Lair:6)
  Harold (Lair:2)
  13 hydras
  4 ogre magi (Orc:2)
  A deep troll earth mage (D:12)
  20 two-headed ogres
  11 death yaks
  3 large abominations (Abyss:2)
  A sixfirhy (Gauntlet)
  3 lindwurms
  Pikel (D:7)
  4 oklob plants
  3 cyclopes (D:11)
  An orc sorcerer (Orc:1)
  An ugly thing (D:11)
  A manticore (D:12)
  6 elephants
  3 molten gargoyles (Lair:6)
  5 black mambas
  A dire elephant skeleton (Abyss:2)
  2 gargoyles (Volcano)
  Maggie (D:6)
  2 rime drakes
  A hellwing (Abyss:2)
  11 cane toads
  14 komodo dragons
  An ancient zyme (Abyss:2)
  A tengu conjurer (D:12)
  An efreet (Volcano)
  3 trolls
  3 jumping spiders (Lair:2)
  3 meliai (Gauntlet)
  A wind drake (shapeshifter) (D:12)
  A polar bear (Lair:5)
  5 slime creatures (D:12)
  9 blink frogs
  Sigmund (D:2)
  2 spriggans (Lair:1)
  7 shadows
  A redback (Lair:2)
  A vampire (D:8)
  37 yaks
  6 wyverns
  A wraith (D:12)
  A wyvern (shapeshifter) (D:11)
  3 fire elementals (Volcano)
  8 basilisks
  8 fire bats (Volcano)
  3 steam dragons
  5 vampire mosquitoes
  Menkaure (Ossuary)
  7 wargs
  2 acid dragons
  25 water moccasins
  3 hell hounds (Lair:6)
  A hornet zombie (D:8)
  An ice beast (D:6)
  21 orc warriors
  A black bear (D:6)
  23 ogres
  2 necrophages
  A sky beast (D:7)
  2 wolves (Lair:5)
  3 centaurs
  2 small abominations (Abyss:2)
  A lemure (D:7)
  Blork the orc (D:6)
  2 gnoll sergeants
  3 kobold brigands
  11 bullfrogs
  A scorpion (D:5)
  A wyvern skeleton (D:7)
  6 killer bees
  13 wights
  3 howler monkeys (D:12)
  2 electric eels (Lair:1)
  A crimson imp (D:10)
  10 lava snakes
  A bullfrog zombie (D:5)
  4 centaur zombies
  13 jellies
  16 orc priests
  A gnoll shaman (D:8)
  3 bullfrog skeletons
  A hound (D:5)
  3 centaur skeletons
  An iguana (D:5)
  20 orc wizards
  2 killer bee zombies
  A hound skeleton (D:5)
  3 mummies (Ossuary)
  3 howler monkey zombies
  11 gnolls
  8 adders
  3 white imps (D:8)
  4 ufetubi
  3 dart slugs
  61 orcs
  7 bats
  16 endoplasms
  5 giant cockroaches
  3 gnoll zombies (Ossuary)
  2 goblins (D:2)
  7 hobgoblins
  13 jackals
  4 quokkas
  4 ball pythons
  5 frilled lizards
  5 gnoll skeletons (Ossuary)
  A goblin skeleton (Ossuary)
  4 goblin zombies (Ossuary)
  3 hobgoblin skeletons (Ossuary)
  4 hobgoblin zombies (Ossuary)
  30 kobolds
  3 kobold skeletons (Ossuary)
  2 kobold zombies (Ossuary)
  6 orc skeletons (Ossuary)
  5 orc zombies (Ossuary)
  7 rats
  6 rat skeletons (Ossuary)
  7 rat zombies (Ossuary)
697 creatures vanquished.

Vanquished Creatures (others)
  An orc (D:9)
  A hobgoblin skeleton (Ossuary)
  31 fungi
  36 plants
  11 toadstools (D:2)
  19 withered plants (Gauntlet)
99 creatures vanquished.

Grand Total: 796 creatures vanquished

Notes
Turn   | Place    | Note
-------+----------+-------------------------------------------
     0 | D:1      | DwarfAlpaca the Djinni Air Elementalist began the quest for
                  | the Orb.
     0 | D:1      | Reached XP level 1. HP: 15/15 MP: 0/0
   260 | D:1      | Reached skill level 3 in Spellcasting
   341 | D:1      | Reached XP level 2. HP: 19/21 MP: 0/0
   790 | D:1      | Reached XP level 3. HP: 19/25 MP: 0/0
   790 | D:1      | Learned a level 1 spell: Apportation
  1545 | D:2      | Reached skill level 4 in Spellcasting
  1606 | D:2      | Noticed Sigmund
  1703 | D:2      | Reached XP level 4. HP: 18/31 MP: 0/0
  2472 | D:2      | Noticed an ogre
  3117 | D:4      | Reached XP level 5. HP: 17/35 MP: 0/0
  3117 | D:4      | Learned a level 2 spell: Blink
  3367 | D:4      | Noticed a necrophage
  3490 | D:4      | Killed a necrophage
  3491 | D:4      | Reached skill level 5 in Spellcasting
  3617 | D:4      | Reached XP level 6. HP: 26/40 MP: 0/0
  3750 | D:2      | Killed Sigmund
  3751 | D:2      | Reached skill level 6 in Spellcasting
  3989 | D:2      | Reached XP level 7. HP: 12/45 MP: 0/0
  3989 | D:2      | Learned a level 3 spell: Inner Flame
  4495 | D:2      | Reached skill level 7 in Spellcasting
  4691 | D:5      | Entered Level 5 of the Dungeon
  5022 | D:5      | Noticed a shadow
  5024 | D:5      | Killed a shadow
  5096 | D:5      | Reached skill level 8 in Spellcasting
  5096 | D:5      | Reached XP level 8. HP: 27/50 MP: 0/0
  5712 | D:5      | Found a staircase to the Ecumenical Temple.
  5816 | Temple   | Entered the Ecumenical Temple
  5932 | Temple   | Became a worshipper of Makhleb the Destroyer
  6505 | D:6      | Reached skill level 9 in Spellcasting
  6945 | D:6      | Noticed Maggie
  7037 | D:6      | Killed Maggie
  7038 | D:6      | Reached skill level 10 in Spellcasting
  7038 | D:6      | Reached XP level 9. HP: 29/55 MP: 0/0
  7038 | D:6      | Learned a level 3 spell: Mephitic Cloud
  7884 | D:6      | Noticed Blork the orc
  7887 | D:6      | Killed Blork the orc
  8149 | D:7      | Found a sand-covered staircase.
  8158 | Ossuary  | Entered an ossuary
  8186 | Ossuary  | Reached * piety under Makhleb
  8433 | Ossuary  | Reached ** piety under Makhleb
  8461 | Ossuary  | Noticed Menkaure
  8469 | Ossuary  | Killed Menkaure
  8585 | Ossuary  | Identified 2 scrolls of acquirement
  8585 | Ossuary  | Acquired the +12 hand crossbow of Bread {elec, rPois rF++
                  | Dex+2 Stlth+}
  9189 | D:7      | Reached skill level 11 in Spellcasting
  9659 | D:7      | Found a glowing silver altar of Zin.
  9659 | D:7      | Noticed an angel
  9849 | D:7      | Noticed Pikel
  9891 | D:7      | Killed Pikel
 10136 | D:8      | Reached XP level 10. HP: 48/60 MP: 0/0
 10149 | D:7      | Reached skill level 12 in Spellcasting
 10960 | D:8      | Reached *** piety under Makhleb
 11709 | D:8      | Reached skill level 13 in Spellcasting
 11854 | D:8      | Noticed a two-headed ogre
 11859 | D:8      | Killed a two-headed ogre
 11899 | D:8      | Reached XP level 11. HP: 65/65 MP: 0/0
 11899 | D:8      | Learned a level 5 spell: Yara's Violent Unravelling
 12385 | D:9      | Reached **** piety under Makhleb
 12548 | D:9      | Reached skill level 14 in Spellcasting
 13792 | D:10     | Entered Level 10 of the Dungeon
 13802 | D:10     | Identified the +1 robe of the Crypt {rPois Will+ rCorr
                  | Slay+3}
 14116 | D:10     | Noticed a wizard
 14531 | D:10     | Cast into level 2 of the Abyss (a wizard)
 14666 | Abyss:2  | Noticed a rakshasa
 14667 | Abyss:2  | Noticed a sixfirhy
 14719 | Abyss:2  | Noticed a large abomination
 14730 | Abyss:2  | Killed a large abomination
 14739 | Abyss:2  | Noticed a thrashing horror
 14756 | Abyss:2  | Noticed a wizard
 14792 | Abyss:2  | Noticed a lich
 14795 | Abyss:2  | Killed a lich
 14796 | Abyss:2  | Reached skill level 15 in Spellcasting
 14801 | Abyss:2  | Noticed a large abomination
 14809 | Abyss:2  | Killed a large abomination
 14810 | Abyss:2  | Reached XP level 12. HP: 18/70 MP: 0/0
 14812 | D:10     | Escaped the Abyss
 15270 | D:11     | Noticed a seven-headed hydra
 15274 | D:11     | Killed a seven-headed hydra
 15528 | D:11     | Found a staircase to the Lair.
 15565 | D:11     | Noticed a two-headed ogre
 15584 | D:11     | Killed a two-headed ogre
 15585 | D:11     | Reached skill level 16 in Spellcasting
 15662 | Lair:1   | Entered Level 1 of the Lair of Beasts
 15794 | Lair:2   | Reached ***** piety under Makhleb
 15908 | Lair:1   | Noticed a seven-headed hydra
 15913 | Lair:1   | Killed a seven-headed hydra
 16080 | Lair:1   | Noticed a five-headed hydra
 16083 | Lair:1   | Killed a five-headed hydra
 16196 | Lair:1   | Identified the +11 war axe of Destruction {chaos, Will+
                  | Int+2}
 16348 | Lair:1   | Identified the +1 robe "Zokiatri" {rElec rCorr Int-2}
 17063 | Lair:2   | Noticed Harold
 17075 | Lair:2   | Killed Harold
 17076 | Lair:2   | Reached skill level 17 in Spellcasting
 17076 | Lair:2   | Reached XP level 13. HP: 21/75 MP: 0/0
 17076 | Lair:2   | Learned a level 5 spell: Borgnjor's Vile Clutch
 17663 | Lair:2   | Found a hole to the Spider Nest.
 18875 | Lair:3   | Noticed Rupert
 18979 | Lair:3   | Killed Rupert
 19237 | Lair:3   | Found an iron altar of Okawaru.
 19663 | Lair:3   | Reached skill level 18 in Spellcasting
 20510 | Lair:4   | Identified the +1 robe "Kere Hof" {rF+ MP+9 Str+4 SInv}
 20597 | Lair:4   | Found a staircase to the Swamp.
 21104 | Lair:4   | Reached XP level 14. HP: 80/80 MP: 0/0
 22059 | Lair:5   | Reached skill level 19 in Spellcasting
 22300 | Lair:5   | Found a staircase to the Slime Pits.
 22737 | Lair:6   | Entered Level 6 of the Lair of Beasts
 22818 | Lair:6   | Found a dark tunnel.
 22824 | Volcano  | Entered a volcano
 23048 | Volcano  | Noticed a stone giant
 23487 | Volcano  | Killed a stone giant
 23487 | Volcano  | Reached ****** piety under Makhleb
 24109 | Lair:6   | Reached skill level 20 in Spellcasting
 24459 | Lair:6   | Reached XP level 15. HP: 76/85 MP: 0/0
 24459 | Lair:6   | Learned a level 6 spell: Starburst
 24547 | Lair:6   | Found a large runed translucent door.
 24547 | Lair:6   | Found a large runed translucent door.
 25353 | D:11     | Found Peomuubu's Elemental Accessories.
 25419 | D:11     | Found a staircase to the Orcish Mines.
 25461 | Orc:1    | Entered Level 1 of the Orcish Mines
 26261 | Orc:2    | Entered Level 2 of the Orcish Mines
 26293 | Orc:2    | Found Giklisuc's Jewellery Shop.
 26301 | Orc:2    | Bought the amulet "Qaing" {rPois Regen+ Str+6 Int+2} for
                  | 638 gold pieces
 26411 | Orc:2    | Noticed an orc warlord
 26438 | Orc:2    | Killed an orc warlord
 26447 | Orc:2    | Found Zemaxel's Antique Weapon Boutique.
 26807 | Orc:2    | Found a staircase to the Elven Halls.
 26864 | Orc:2    | Found Emaeq's Jewellery Emporium.
 26879 | Orc:2    | Bought the ring "Kast" {Drain rElec rF- Int+9 SInv} for 458
                  | gold pieces
 27075 | Orc:2    | Reached skill level 21 in Spellcasting
 27103 | Orc:2    | Found Myfiav's General Store.
 27103 | Orc:2    | Found Dagetuor's Jewellery Boutique.
 27228 | Orc:2    | Found Merutu's Antique Armour Emporium.
 27228 | Orc:2    | Found Zutuc's Book Shop.
 27240 | Orc:2    | Bought a scroll of teleportation for 39 gold pieces
 27398 | Orc:2    | Acquired the ring of Culeyc {rElec rC+ Will+ Int-5}
 27838 | D:11     | You are sucked into a shaft and drop 2 floors!
 27924 | D:12     | Found a gate leading to a gauntlet.
 27948 | Gauntlet | Entered a Gauntlet
 27948 | Gauntlet | Found a transporter.
 27948 | Gauntlet | Found a transporter.
 27952 | Gauntlet | Found a transporter.
 27962 | Gauntlet | Found a transporter.
 27972 | Gauntlet | Found a transporter.
 27972 | Gauntlet | Found a transporter.
 27974 | Gauntlet | Found the macabre finger necklace {rN+}
 28028 | Gauntlet | Found a transporter.
 28051 | Gauntlet | Found a transporter.
 28058 | Gauntlet | Noticed a cacodemon
 28084 | Gauntlet | Identified the ring "Moafor" {rF- MP+9 EV+4 Str+2 Int+3}
 28106 | Gauntlet | Found a transporter.
 28119 | Gauntlet | Found a transporter.
 28138 | Gauntlet | Identified the ring "Bavewiod" {Wiz Fly rPois rF++ Str-5}
 28281 | D:12     | Reached XP level 16. HP: 90/90 MP: 0/0
 28459 | D:12     | Found the +8 glaive of the Guard {elec, spectral, AC+5}
 28493 | D:12     | Killed from afar by a war gargoyle

Illustrated notes

Levels and vault maps discovered:
D:1:      amcnicky_arrival_single_pillar, layout_basic
D:2:      cheibrodos_fertilizer, layout_basic, uniq_sigmund
D:3:      layout_basic, serial_park_tiny_1, grunt_ministairs_13
D:4:      layout_basic
D:5:      layout_gridville, minmay_temple_entry_junction_2, grunt_decor_clamped,
          chequers_serial_rivers_large_a, grunt_ministairs_11,
          due_unseen_surprise
D:6:      layout_loops_ring, amethyst_killhole, corexii_checkpoint_a,
          uniq_maggie, uniq_blork_the_orc
D:7:      layout_basic, zin_angel, nicolae_ossuary_entry_monument, uniq_pikel
D:8:      minmay_imperfect_grid, layout_basic
D:9:      layout_gridville
D:10:     layout_cave_pools, lightli_wizard_tower
D:11:     layout_loops_ring, erik_lair_orcish_takeover, nicolae_elemental_shop,
          hangedman_decor_diamond_cutter
D:12:     minmay_guarded_unrand_guard, layout_small_grid,
          ploomutoo_gammafunk_ghost_potion_laboratory, gauntlet_entry_generic,
          nrook_loot_triangle
D:13:     layout_roguey, grunt_decor_fettered
Temple:   kilobyte_greek_temple
Lair:1:   wad_woods_tower, layout_regular_city, serial_bayou,
          serial_bayou_shore_b, serial_bayou_pond_d, serial_bayou_ford_a,
          serial_bayou_shore_b, grunt_megastairs_4
Lair:2:   layout_cave_pods, spider_nest_entry_funnel_web, grunt_megastairs_5,
          uniq_harold
Lair:3:   layout_loops_ring, basic_altar, uniq_rupert
Lair:4:   layout_regular_city, swamp_mist_pool, dpeg_oklob_1
Lair:5:   nzn_winding_woodlands_medium [nzn_winding_woodlands_5x5_closed_star,
          nzn_winding_woodlands_5x15_cabin, nzn_winding_woodlands_5x5_open_star,
          nzn_winding_woodlands_5x5_perimeter,
          nzn_winding_woodlands_center_lodge, nzn_winding_woodlands_5x5_cross,
          nzn_winding_woodlands_5x5_checkerboard,
          nzn_winding_woodlands_5x15_pockets,
          nzn_winding_woodlands_5x5_default], layout_hall_layers,
          minmay_slime_entry_jelly_boxes, wad_woods_road_02, lemuel_fruit_tree
Lair:6:   cheibrodos_lair_end_hotspot, layout_regular_city,
          nicolae_volcano_entry_lava_flow
Orc:1:    layout_diamond_mine, basic_altar
Orc:2:    st_orc_ogre_mass, layout_diamond_mine, serial_shops, shop,
          nicolae_shop_behind_doors, nicolae_shop_window_shopping

Skill      XL: |  1  2  3  4  5  6  7  8  9 10 11 12 13 14 15 |
---------------+----------------------------------------------+-----
Spellcasting   | 3 4 5 6 8 10 11 13 15 17 18 20 21 | 21.7
Dodging        | |  2.1
Stealth        | |  1.5

Action                   |  1- 3 |  4- 6 |  7- 9 | 10-12 | 13-15 | 16-18 || total
-------------------------+-------+-------+-------+-------+-------+-------++-------
Melee: Unarmed           |       |     1 |     8 |       |       |       ||     9
       Long sword        |       |       |    61 |       |       |       ||    61
       War axe           |       |       |       |     5 |    55 |       ||    60
 Fire: Hand crossbow     |       |       |    11 |     5 |       |       ||    16
 Cast: Shock             |    72 |    64 |    90 |     4 |       |       ||   230
       Airstrike         |       |     9 |    79 |   189 |   475 |     7 ||   759
       Lightning Bolt    |       |       |    14 |    69 |   117 |     8 ||   208
       Static Discharge  |       |       |     2 |     2 |     2 |       ||     6
       Borgnjor's Vile C |       |       |       |       |     2 |       ||     2
       Yara's Violent Un |       |       |       |       |     3 |       ||     3
       Starburst         |       |       |       |       |     2 |       ||     2
  Use: Scroll            |       |     3 |     7 |       |    16 |     1 ||    27
       Potion            |       |       |     1 |     1 |     9 |     4 ||    15
 Stab: Sleeping          |       |     1 |       |     1 |       |       ||     2
       Paralysed         |       |       |       |       |     5 |       ||     5
Armor: Robe              |     8 |     4 |     3 |       |       |       ||    15
       Steam dragon scal |       |       |    21 |    21 |    31 |       ||    73
Dodge: Dodged            |    17 |     6 |    40 |    34 |    48 |       ||   145
Block: Other             |       |       |    14 |    14 |    12 |       ||    40
       Reflection        |       |       |       |       |     1 |       ||     1
       Rpst.: Long sword |       |       |     8 |       |       |       ||     8

Table legend: (Time is in decaauts)
 A = Elapsed time spent in this place.
 B = Non-inter-level travel time spent in this place.
 C = Inter-level travel time spent in this place.
 D = Time resting spent in this place.
 E = Time spent auto-exploring this place.
 F = Levels seen in this place.
 G = Mean time per level.
                   A        B        C        D        E       F      G
               +--------+--------+--------+--------+--------+-----+--------+
         Total |  28574 |  27474 |   1100 |   8432 |  12951 |  26 | 1099.0 |
       Dungeon |  16029 |  15329 |    700 |   5411 |   7072 |  13 | 1233.0 |
        Temple |    147 |    116 |     31 |      0 |     97 |   1 |  147.0 |
          Lair |   8802 |   8573 |    229 |   2420 |   4607 |   6 | 1467.0 |
  Orcish Mines |   1811 |   1671 |    140 |     38 |   1087 |   2 |  905.5 |
         Abyss |    280 |    280 |      0 |     99 |      0 |   1 |  280.0 |
       Ossuary |    457 |    457 |      0 |     37 |     34 |   1 |  457.0 |
       Volcano |    781 |    781 |      0 |    424 |     53 |   1 |  781.0 |
      Gauntlet |    264 |    264 |      0 |      3 |      1 |   1 |  264.0 |
               +--------+--------+--------+--------+--------+-----+--------+

Top non-repeatable levels by time:
     D:8: 2622 daAuts
     D:5: 1960 daAuts
  Lair:2: 1755 daAuts
  Lair:6: 1643 daAuts
     D:7: 1611 daAuts
  Lair:3: 1482 daAuts
    D:11: 1423 daAuts
     D:6: 1401 daAuts
  Lair:1: 1391 daAuts
  Lair:4: 1359 daAuts
     D:1: 1356 daAuts
     D:9: 1276 daAuts
     D:3: 1271 daAuts
     D:2: 1217 daAuts
  Lair:5: 1170 daAuts
